Get step-by-step instructions on how to execute this build order below. Start the game timer, and the build order will tick by so you can play in parallel with StarCraft on a second screen or mobile device.

Game Time

  0:00

Last Step

  N/A

Next Step

Upcoming Step



Don't want to look back and forth between 2 screens? Try out our Overwolf App, the Spawning Tool Build Advisor to get an in-game overlay with this build!

Complete Build Order

  12  0:00  Probe  
  13  0:12  Probe  
  14  0:18  Pylon  
  14  0:24  Probe  
  15  0:37  Probe (Chrono Boost)  
  15  0:42  Gateway  
  16  0:49  Assimilator, Probe (Chrono Boost)  
  18  0:57  Probe (Chrono Boost)  
  18  1:03  Probe (Chrono Boost)  
  19  1:15  Probe (Chrono Boost)  
  20  1:23  Probe (Chrono Boost)  
  21  1:32  Nexus  
  21  1:38  Cybernetics Core  
  21  1:44  Assimilator  
  21  1:47  Probe  
  22  1:55  Pylon  
  22  2:00  Probe  
  23  2:13  Probe, Adept (Chrono Boost)  
  26  2:25  Stargate, Probe  
  27  2:32  Warp Gate  
  27  2:35  Adept  
  29  2:39  Probe (Chrono Boost)  
  30  2:44  Probe (Chrono Boost)  
  32  2:54  Probe x2 (Chrono Boost)  
  33  2:59  Probe (Chrono Boost)  
  33  3:01  Probe  
  33  3:05  Adept  
  37  3:10  Probe  
  42  3:13  Probe  
  42  3:14  Void Ray (Chrono Boost)  
  42  3:18  Pylon  
  43  3:23  Probe  
  43  3:25  Gateway, Probe  
  45  3:35  Probe  
  45  3:37  Probe  
  45  3:41  Pylon  
  47  3:43  Oracle (Chrono Boost)  
  47  3:47  Probe  
  51  3:50  Probe  
  52  3:59  Probe  
  52  4:02  Nexus  
  53  4:04  Probe  
  54  4:11  Probe  
  54  4:16  Forge, Probe  
  56  4:17  Twilight Council  
  56  4:21  Assimilator  
  56  4:22  Assimilator  
  56  4:23  Probe  
  57  4:31  Probe  
  57  4:35  Blink, Probe  
  59  4:43  Gateway, Probe  
  59  4:44  Gateway  
  60  4:47  Probe  
  60  4:48  Protoss Ground Weapons Level 1 (Chrono Boost)  
  61  4:54  Robotics Facility  
  61  4:56  Probe  
  62  5:13  Probe x2  
  64  5:14  Pylon  
  64  5:16  Pylon  
  64  5:18  Probe  
  65  5:25  Probe x2  
  65  5:26  Stalker x2  
  71  5:30  Probe  
  71  5:32  Assimilator  
  71  5:35  Assimilator, Shield Battery  
  72  5:37  Photon Cannon, Probe x2  
  72  5:42  Probe  
  75  5:49  Probe x2  
  81  5:54  Probe  
  81  5:55  Robotics Bay  
  78  5:57  Robotics Facility  
  78  6:02  Probe  
  77  6:13  Probe x2  
  77  6:14  Probe  
  78  6:25  Probe  
  79  6:27  Protoss Ground Weapons Level 2 (Chrono Boost), Stalker x4  
  79  6:32  Pylon  
  87  6:33  Pylon  
  87  6:35  Pylon  
  87  6:38  Gateway  
  87  6:39  Gateway  
  84  6:45  Colossus (Chrono Boost)  
  84  6:47  Colossus (Chrono Boost)  
  84  6:50  Nexus  
  84  6:51  Pylon  
  84  6:54  Pylon  
  96  6:55  Pylon  
  96  6:56  Pylon  
  96  6:57  Extended Thermal Lance  
  96  7:01  Pylon  
  96  7:07  Shield Battery  
  96  7:15  Shield Battery  
  96  7:16  Photon Cannon  
  96  7:28  Colossus (Chrono Boost)  
  96  7:31  Colossus (Chrono Boost)  
  96  7:34  Charge  
  108  7:37  Stalker x6  
  120  7:51  Templar Archives  
  116  8:11  Stalker x6  
  118  8:28  Gateway  
  118  8:29  Colossus x2 (Chrono Boost)  
  118  8:30  Gateway  
  130  8:37  Stalker x4  
  130  8:38  Zealot x2  
  130  8:40  Protoss Ground Weapons Level 3 (Chrono Boost)  
  142  9:02  Zealot x2  
  142  9:03  Zealot x4  
  142  9:08  Probe  
  142  9:09  Probe x3  
  158  9:13  Assimilator  
  158  9:16  Assimilator  
  158  9:19  Gateway, Psionic Storm, Pylon  
  158  9:22  Gateway  
  158  9:25  High Templar  
  158  9:26  High Templar x2  
  158  9:27  High Templar, Zealot x3  
  158  9:30  Archon  
  172  9:31  Archon  
  172  9:50  Zealot x4  
  180  9:57  Gateway  
  180  9:58  Nexus  
  180  9:59  Gateway, Pylon  
  180  10:13  High Templar x2  
  180  10:14  High Templar x2, Zealot x3  
  174  10:20  Pylon  
  180  10:22  Pylon  
  180  10:24  Pylon  
  180  10:26  Pylon  
  180  10:28  Photon Cannon, Pylon  
  180  10:29  Shield Battery  
  180  10:30  Observer  
  180  10:31  Observer  
  172  10:36  High Templar x2  
  172  10:37  Zealot x4  
  172  10:42  Archon  
  184  10:54  High Templar x2  
  184  10:55  Stalker x4  
  196  10:57  Zealot x2  
  196  10:58  Archon  
  200  11:08  Stalker  
  194  11:12  Stalker x3  
  194  11:17  Zealot  
  194  11:18  Zealot  
  200  11:19  Zealot  
  186  11:31  Zealot x5  
  186  11:32  Zealot